 Dungeon Crawl Stone Soup version 0.29.1-15-g9cfb28693d (webtiles) character file.

Game seed: 7087353524653732103

5 nightchill the Trooper (level 1, 0/14 HPs)
             Began as a Gargoyle Fighter on Mar 15, 2023.
             Frozen to death by an endoplasm (5 damage)
             ... on level 1 of the Dungeon on Mar 16, 2023.
             The game lasted 00:00:41 (144 turns).

nightchill the Trooper (Gargoyle Fighter)            Turns: 144, Time: 00:00:42

Health: 0/14       AC:  9    Str: 19    XL:     1   Next: 80%
Magic:  1/1        EV:  9    Int:  8    God:
Gold:   20         SH:  4    Dex:  9    Spells: 0/0 levels left

rFire   . . .      SeeInvis .   a - +0 war axe
rCold   . . .      Faith    .   c - +0 buckler
rNeg    + . .      Spirit   .   b - +0 scale mail
rPois   ∞          Reflect  .   (no helmet)
rElec   +          Harm     .   (no cloak)
rCorr   .          Rampage  .   (no gloves)
Will    .....                   (no boots)
Stlth   ..........              (no amulet)
HPRegen 0.04/turn               (no ring)
MPRegen 0.07/turn               (no ring)

@: mighty
A: sickness immunity, AC +2, negative energy resistance 1, electricity
resistance, torment resistance 1, petrification resistance
a: no special abilities


You were on level 1 of the Dungeon.
You visited 1 branch of the dungeon, and saw 1 of its levels.

You collected 20 gold pieces.

Inventory:

Hand Weapons
 a - a +0 war axe (weapon)
Armour
 b - a +0 scale mail (worn)
 c - a +0 buckler (worn)
Scrolls
 e - 3 scrolls of identify {unknown}


   Skills:
 + Level 3.4 Fighting
 * Level 2.1 Axes
 - Level 3.2 Armour
 - Level 3.2 Shields


You couldn't memorise any spells.
You didn't know any spells.
Your spell library was empty.

Dungeon Overview and Level Annotations

Branches:
Dungeon (1/15)

Altars:


Innate Abilities, Weirdness & Mutations

You are immune to sickness and miasma.
Your stone body is resilient. (AC +2)
You are immune to poison.
You resist negative energy. (rN+)
You are resistant to electric shocks. (rElec)
You are resistant to unholy torment.
You are immune to petrification.


Message History

You barely miss the jackal. The jackal closely misses you.
The endoplasm hits you but does no damage.
The jackal attacks as you move away!
The jackal bites you but does no damage.
The jackal misses you.
You barely miss the jackal. The jackal barely misses you.
The jackal bites you but does no damage.
You barely miss the jackal. The jackal closely misses you. x2
You hit the jackal.
The jackal is heavily wounded.
The jackal bites you but does no damage. x2
You miss the jackal.
The jackal is heavily wounded.
The jackal bites you but does no damage. x2
A rat comes into view.
You closely miss the jackal.
The jackal is heavily wounded.
The jackal barely misses you. The jackal bites you.
A rat comes into view.
The jackal barely misses you.
You are too injured to fight recklessly!
You are too injured to fight recklessly!
You are too injured to fight recklessly!
You hit the jackal.
You kill the jackal!
A rat comes into view.
The rat twitches its whiskers.
The endoplasm freezes you.
You are frozen.
* * * LOW HITPOINT WARNING * * *
You hit the endoplasm.
The endoplasm is heavily wounded.
You barely miss the rat. The rat bites you but does no damage.
The endoplasm freezes you.
You are frozen.
* * * LOW HITPOINT WARNING * * *
You feel very mighty all of a sudden. The endoplasm freezes you.
You are frozen.
You die...

. ##...#. # .###......
.#. ..#....... ..##
#.#....... . .(.
#.#....... #..#..
#.##...... ....#.#
#.##....#.
#.r.r##########.##..#.##
#rJJ@...)##......#.#
#.B##r...##....###.#
##.##.........## #.#
#)......###.## #.#
###...###...# #.##
#..#....(#.# ###.
#.#####.#..# ##.. ...
##..#.## #... ## #....(#
#...


You could see 2 endoplasms, a giant cockroach and 4 rats.

Vanquished Creatures
  A hobgoblin (D:1)
  A jackal (D:1)
  A kobold (D:1)
  A bat (D:1)
  A rat (D:1)
5 creatures vanquished.

Notes
Turn   | Place    | Note
-------+----------+-------------------------------------------
     0 | D:1      | nightchill the Gargoyle Fighter began the quest for the
                  | Orb.
     0 | D:1      | Reached XP level 1. HP: 14/14 MP: 1/1
   144 | D:1      | Frozen to death by an endoplasm

Illustrated notes

Levels and vault maps discovered:
D:1:      minmay_arrival_loop, layout_rooms,
          hellmonk_ecumenical_altar_heavens_door

Skill      XL: |  1 |
---------------+----+-----
Axes           | 2 |  2.1
Fighting       | |  3.4
Armour         | |  3.2
Shields        | |  3.2

Action                   || total
-------------------------++-------
Melee: War axe           ||    17
  Use: Potion            ||     1
Armor: Scale mail        ||    14
Dodge: Dodged            ||    12
